 Dungeon Crawl Stone Soup version 0.31.0-4-g52a2dc7128 (webtiles) character file.

Game seed: 5659568780075420910

824 Persephone the Skirmisher (level 7, -3/53 HPs)
             Began as a Demigod Hunter on Jan 22, 2024.
             Killed by divine providence
             ... invoked by an orc priest
              (13 damage)
             ... on level 6 of the Dungeon.
             The game lasted 00:06:33 (4611 turns).

Persephone the Skirmisher (Demigod Hunter)          Turns: 4611, Time: 00:06:33

Health: -3/53      AC:  7    Str: 16    XL:     7   Next: 37%
Magic:  9/9        EV: 13    Int: 15    God:
Gold:   305        SH:  5    Dex: 29    Spells: 6/6 levels left

rFire   . . .        A - +0 orcbow
rCold   . . .        (shield currently unavailable)
rNeg    . . .        y - +4 robe of Augmentation {Str+4 Int+4 Dex+4}
rPois   .            (no helmet)
rElec   .            h - +0 cloak
rCorr   .            (no gloves)
SInv    .            (no boots)
Will    .....        f - amulet of reflection
Stlth   ++           (no ring)
HPRegen 0.28/turn    (no ring)
MPRegen 0.11/turn

%: reflection
@: no status effects
A: high MP 1, forlorn, divine attributes
a: no special abilities


You were on level 6 of the Dungeon.
You visited 1 branch of the dungeon, and saw 6 of its levels.

You collected 305 gold pieces.

Inventory:

Hand Weapons
 A - a +0 orcbow (weapon)
Missiles
 l - a throwing net
Armour
 h - a +0 cloak (worn)
 y - the +4 robe of Augmentation (worn) {Str+4 Int+4 Dex+4}
   (You found it on level 5 of the Dungeon)

   Str+4:     It affects your strength (+4).
   Int+4:     It affects your intelligence (+4).
   Dex+4:     It affects your dexterity (+4).
Jewellery
 c - a ring of fire
 f - an amulet of reflection (around neck)
 x - a ring of magical power
 z - a ring of resist corrosion
Wands
 g - a wand of flame (13)
 j - a wand of mindburst (17)
Scrolls
 b - a scroll of butterflies
 d - 2 scrolls of fear
 e - 3 scrolls of silence
 n - 2 scrolls of blinking
 o - 3 scrolls of teleportation
 s - 3 scrolls of vulnerability
 u - a scroll of enchant armour
 v - a scroll of acquirement {unknown}
Potions
 i - 7 potions of curing
 k - 3 potions of haste {unknown}
 m - a potion of lignification {unknown}
 p - a potion of mutation {unknown}
 q - a potion of heal wounds {unknown}
 r - a potion of brilliance {unknown}
 t - a potion of cancellation {unknown}
 w - a potion of ambrosia {unknown}


   Skills:
 - Level 1.7 Fighting
 + Level 8.8 Ranged Weapons
 - Level 1.7 Dodging
 - Level 0.8 Stealth


You had 6 spell levels left.
You didn't know any spells.
Your spell library contained the following spells:

 Spells                   Type           Power      Damage    Failure   Level
 Sandblast                Erth           0%         2d4       26%         1
 Shock                    Conj/Air       0%         1d3       26%         1
 Passwall                 Erth           0%         N/A       63%         3
 Stone Arrow              Conj/Erth      0%         3d7       63%         3
 Swiftness                Air            0%         N/A       63%         3
 Airstrike                Air            0%         2d(0-16)  95%         4
 Brom's Barrelling Bould  Conj/Erth      0%         2d3       95%         4


Dungeon Overview and Level Annotations

Branches:
Dungeon (6/15)
 Temple: D:4-7

Shops:
D:2 [

Annotations:
D:2 1 runed translucent door, Crazy Yiuf


Innate Abilities, Weirdness & Mutations

You have an increased reservoir of magic. (+10% MP)
You shall have no god before yourself.
Your divine heritage dramatically boosts your attributes as you level up.


Message History

The black bear bites you.
The black bear claws you but does no damage.
The black bear closely misses you.
An orc priest comes into view. It is wielding a +0 whip.
Fire: A) +0 orcbow
Press: ? - help, Shift-Dir - straight line, f/p - black bear
Aim: a black bear (heavily wounded, 72% to hit)
You shoot an arrow. The arrow hits the black bear!
You kill the black bear!
Something tries to affect you, but you resist.
The ufetubus barely misses you. You block the ufetubus's attack.
Fire: A) +0 orcbow
Press: ? - help, Shift-Dir - straight line, f - ufetubus
Aim: an ufetubus (50% to hit)
You shoot an arrow. The arrow misses the ufetubus.
An adder comes into view.
The ufetubus closely misses you.
The ufetubus hits you but does no damage.
An ufetubus comes into view.
Fire: A) +0 orcbow
Press: ? - help, Shift-Dir - straight line, f/p - ufetubus
Aim: an ufetubus (50% to hit)
You shoot an arrow. The arrow hits the ufetubus!
You kill the ufetubus!
The orc priest mumbles some strange prayers to Beogh against you.
Pain shoots through your body!
* * * LOW HITPOINT WARNING * * *
Fire: A) +0 orcbow
Press: ? - help, Shift-Dir - straight line, f - orc priest
Aim: an orc priest, wielding a +0 whip and wearing a +0 ring mail (69% to hit)
You shoot an arrow. The arrow hits the orc priest.
The orc priest is lightly wounded.
Fire: A) +0 orcbow
Press: ? - help, Shift-Dir - straight line, f/p - orc priest
Aim: an orc priest, wielding a +0 whip and wearing a +0 ring mail (lightly wounded, 69% to hit)
You shoot an arrow. The arrow hits the orc priest.
The orc priest is heavily wounded.
The orc priest mumbles some strange prayers to Beogh against you.
Beogh smites you!
You die...

##......## #..# ..o
#........# ##.## ...
#........###..# ....
##........##..##
..... #.........##.##
..).## #.........#..#
...So.##...........##
#.............##
##)@..........#
##..........##
###........#
##########


You could see an orc priest and an adder.

Vanquished Creatures
  A wyvern (D:5)
  A black bear (D:6)
  2 phantoms
  A howler monkey (D:5)
  3 bombardier beetles (D:5)
  2 hounds
  A sleepcap (D:6)
  An iguana (D:5)
  2 orc wizards
  Robin (D:3)
  4 adders
  An ufetubus (D:6)
  3 dart slugs
  5 ribbon worms
  4 orcs
  4 endoplasms
  4 giant cockroaches
  16 goblins
  10 hobgoblins
  3 jackals (D:1)
  5 kobolds
  3 quokkas
  9 ball pythons
  3 bats (D:1)
  A frilled lizard (D:1)
  2 rats
92 creatures vanquished.

Notes
Turn   | Place    | Note
-------+----------+-------------------------------------------
     0 | D:1      | Persephone the Demigod Hunter began the quest for the Orb.
     0 | D:1      | Reached XP level 1. HP: 17/17 MP: 3/3
    84 | D:1      | Reached skill level 4 in Ranged Weapons
   109 | D:1      | Reached XP level 2. HP: 24/24 MP: 4/4
   591 | D:2      | Reached XP level 3. HP: 29/29 MP: 5/5
   778 | D:2      | Found Oqaqaugone's Antique Armour Emporium.
  1031 | D:2      | Found a runed translucent door.
  1033 | D:2      | Noticed Crazy Yiuf
  1174 | D:3      | Reached skill level 5 in Ranged Weapons
  1419 | D:3      | Noticed Robin
  1437 | D:3      | Killed Robin
  1438 | D:3      | Reached XP level 4. HP: 21/36 MP: 6/6
  2268 | D:4      | Noticed a phantom
  2284 | D:4      | Killed a phantom
  2285 | D:4      | Reached skill level 6 in Ranged Weapons
  2285 | D:4      | Reached XP level 5. HP: 21/41 MP: 7/7
  2638 | D:4      | Noticed a titan simulacrum
  2640 | D:4      | Noticed a spectral ugly thing
  2640 | D:4      | Noticed a titan simulacrum
  2863 | D:5      | Entered Level 5 of the Dungeon
  3085 | D:5      | Noticed a wyvern
  3097 | D:5      | Killed a wyvern
  3098 | D:5      | Reached skill level 7 in Ranged Weapons
  3098 | D:5      | Reached XP level 6. HP: 15/48 MP: 8/8
  3214 | D:5      | Found the +4 robe of Augmentation {Str+4 Int+4 Dex+4}
  3761 | D:5      | Reached skill level 8 in Ranged Weapons
  4397 | D:6      | Reached XP level 7. HP: 52/53 MP: 9/9
  4611 | D:6      | Killed from afar by an orc priest

Illustrated notes

Levels and vault maps discovered:
D:1:      matt_arrival_los_fun, layout_rooms, chequers_serial_rivers_marsh
D:2:      layout_basic, serial_shops, nicolae_shop_trees,
          uniq_crazy_yiuf_cottage
D:3:      minmay_inner_zag, layout_basic, grunt_decor_one_mirror, uniq_robin
D:4:      layout_cave_pools, regret_index_temple_of_mockery,
          overflow_temple_1_default
D:5:      layout_layer_cave, hangedman_decor_slide_cut,
          chequers_serial_rivers_micro_b
D:6:      layout_cave_pods, nicolae_ru_path_of_blood

Skill      XL: |  1  2  3  4  5  6 |
---------------+-------------------+-----
Ranged Weapons | 4 5 6 7 8 |  8.8
Fighting       | |  1.7
Dodging        | |  1.7
Stealth        | |  0.8

Action                     |  1- 3 |  4- 6 |  7- 9 || total
---------------------------+-------+-------+-------++-------
   Fire: Shortbow          |   131 |   160 |       ||   291
         Orcbow            |       |       |    19 ||    19
    Use: Scroll            |     7 |     2 |       ||     9
         Potion            |     1 |       |       ||     1
 Armour: Leather armour    |    27 |    32 |       ||    59
         Robe              |       |     1 |     8 ||     9
  Dodge: Dodged            |    35 |    31 |     7 ||    73
  Block: Other             |     9 |    10 |     4 ||    23
         Reflection        |     1 |     1 |       ||     2
